 Dungeon Crawl Stone Soup version 0.21-a0-33-g8b44e26 (webtiles) character file.

6526 grindst0ne the Fighter (level 11, -2/93 HPs)
             Began as a Formicid Fighter on May 27, 2017.
             Was a High Priest of Okawaru.
             Slain by a two-headed ogre
             ... wielding a +0 giant club
              (15 damage)
             ... on level 9 of the Dungeon.
             The game lasted 00:28:14 (10891 turns).

grindst0ne the Fighter (Formicid Fighter)          Turns: 10891, Time: 00:28:15

Health: -2/93      AC: 12    Str: 22    XL:     11   Next: 20%
Magic:  14/14      EV: 11    Int:  9    God:    Okawaru [*****.]
Gold:   175        SH: 12    Dex: 13    Spells: 10/10 levels left

rFire    . . .     SeeInvis +   J - +0 battleaxe
rCold    + + .     Gourm    +   c - +0 shield
rNeg     . . .     Faith    .   a - +2 chain mail {MR+}
rPois    .         Spirit   .   (helmet unavailable)
rElec    +         Reflect  .   (no cloak)
rCorr    .         Harm     .   (no gloves)
MR       +++..                  (no boots)
Stlth    ..........             t - amulet of the gourmand
Regen    0.3/turn               s - ring of protection from cold
MPRegen  0.2/turn               I - ring "Werot" {+Fly rElec MR+}

@: no status effects
A: permanent stasis, dig shafts and tunnels, four strong arms, antennae 3, cold
resistance 1, strong 1
a: Dig, Shaft Self, Heroism, Finesse, Renounce Religion, Evoke Flight


You were on level 9 of the Dungeon.
You worshipped Okawaru.
Okawaru was extremely pleased with you.
You were not hungry.

You visited 2 branches of the dungeon, and saw 10 of its levels.

You collected 439 gold pieces.
You spent 264 gold pieces at shops.

Inventory:

Hand Weapons
 J - a +0 battleaxe (weapon)
Missiles
 E - 2 throwing nets (quivered)
Armour
 a - a +2 chain mail of magic resistance (worn)
 c - a +0 shield (worn)
 y - a +0 large shield
 B - a +2 scale mail of poison resistance
Jewellery
 s - a ring of protection from cold (left hand)
 t - an amulet of the gourmand (around neck)
 F - an uncursed ring of protection from cold
 I - the ring "Werot" (right hand) {+Fly rElec MR+}
   (You found it on level 6 of the Dungeon)

   [ring of protection from magic]

   It insulates you from electricity.
   It affects your resistance to hostile enchantments.
   It lets you fly.
Wands
 g - a wand of flame (27/48)
 D - a wand of iceblast (0/15)
 G - a wand of acid (14/15)
 K - a wand of digging (10/24)
 Q - a wand of acid (2/15)
Scrolls
 b - a scroll of identify
 e - 2 scrolls of enchant armour
 h - 6 scrolls of remove curse
 o - 2 scrolls of amnesia
 A - 2 scrolls of magic mapping
 M - a scroll of fog
Potions
 j - 5 potions of flight
 l - 9 potions of curing
 n - a potion of resistance
 p - 2 potions of invisibility
 v - a potion of brilliance
 C - a potion of cancellation {unknown}
 H - 2 potions of might
 L - a potion of lignification
Comestibles
 d - 6 fruits
 f - 6 bread rations
 x - a meat ration


   Skills:
 - Level 11.1 Fighting
 - Level 6.1 Axes
 + Level 5.9 Armour
 - Level 6.1 Dodging
 - Level 9.0 Shields
 * Level 5.1 Evocations


You had 10 spell levels left.
You didn't know any spells.

Dungeon Overview and Level Annotations

Branches:
Dungeon (9/15)             Temple (1/1) D:4            Lair (0/6) D:8
    Orc (0/2) D:9

Altars:
Ashenzari
Cheibriados
Dithmenos
Elyvilon
Fedhas
Gozag
Hepliaklqana
Kikubaaqudgha
Makhleb
Nemelex Xobeh
Okawaru
Qazlal
Ru
Sif Muna
Trog
Uskayaw
Vehumet
Wu Jian
Xom
Yredelemnul
Zin
The Shining One

Shops:
D:4 (   D:6 !

Annotations:
D:6 exclusion: downstairs
D:7 exclusion: downstairs


Innate Abilities, Weirdness & Mutations

You cannot be hasted, slowed, berserked, paralysed or teleported.
You can dig through walls and to a lower floor.
Your four strong arms can wield two-handed weapons with a shield.
You have a pair of large antennae on your head. (SInv)
Your flesh is cold resistant. (rC+)
Your muscles are strong. (Str +2)


Message History

The two-headed ogre is severely wounded.
You block the two-headed ogre's attack.
The two-headed ogre hits you but does no damage.
You slash the two-headed ogre!
The two-headed ogre is almost dead.
You block the two-headed ogre's attack.
The two-headed ogre hits you with a giant spiked club!
You barely miss the two-headed ogre.
The two-headed ogre is almost dead.
You block the two-headed ogre's attack.
The two-headed ogre hits you with a giant spiked club!
You hit the two-headed ogre.
The two-headed ogre is almost dead.
The two-headed ogre closely misses you.
The two-headed ogre hits you with a giant spiked club!!
* * * LOW HITPOINT WARNING * * *
You closely miss the two-headed ogre.
The two-headed ogre is almost dead.
The two-headed ogre hits you with a giant club!
You die...

## ..# #{ #.# .#####.###
###### ........# .....#
#......# .....#
#......######.#
....)#####......@......##
.....'...........O.......
....)#.###....####.......
######.# #....# .######
#.# #....# .# #.# #......
.# #.#....##### ##
#.#....# #.#....#


You could see a two-headed ogre.

Vanquished Creatures
  A two-headed ogre (D:8)
  The ghost of anet the Magician, a novice DEWz (D:6)
  The ghost of anet the Sneak, a novice GrWn (D:5)
  The ghost of blackwizard the Ducker, an amateur TrSu (D:4)
  Grinder (D:6)
  5 slime creatures
  A wyvern (D:8)
  Eustachio (D:5)
  A hungry ghost (D:8)
  Edmund (D:5)
  2 hell hounds (D:8)
  Duvessa (D:6)
  2 orc warriors
  A necrophage (D:6)
  2 ice beasts (D:5)
  2 centaurs
  4 phantoms
  2 ogres
  Blork the orc (D:5)
  A big kobold (D:8)
  A wyvern zombie (D:8)
  6 bullfrogs
  Dowan (D:6)
  A water moccasin skeleton (D:4)
  A scorpion (D:8)
  A wyvern skeleton (D:8)
  A howler monkey (D:6)
  A jelly (D:6)
  A quasit (D:6)
  3 hounds
  10 orc priests
  2 centaur skeletons (D:5)
  2 bullfrog skeletons
  Crazy Yiuf (D:3)
  Jessica (D:4)
  Terence (D:3)
  3 iguanas
  5 orc wizards
  5 worker ants
  A hound zombie (D:6)
  A hound skeleton (D:6)
  A worker ant zombie (D:7)
  3 gnolls (D:6)
  4 adders
  2 shadow imps (D:6)
  An ooze (D:5)
  2 worms
  3 dart slugs
  3 leopard geckos
  29 orcs
  9 bats
  6 giant cockroaches
  10 goblins
  7 hobgoblins
  12 jackals
  10 kobolds
  7 quokkas
  A ball python (D:5)
  4 frilled lizards
  A giant cockroach zombie (D:5)
  A jackal skeleton (D:6)
  A jackal zombie (D:8)
  A quokka skeleton (D:4)
  15 rats
214 creatures vanquished.

Notes
Turn   | Place    | Note
-------+----------+-------------------------------------------
     0 | D:1      | grindst0ne the Formicid Fighter began the quest for the Orb.
     0 | D:1      | Reached XP level 1. HP: 18/18 MP: 1/1
   101 | D:1      | Reached XP level 2. HP: 21/24 MP: 2/2
   403 | D:1      | Reached XP level 3. HP: 29/30 MP: 3/3
   920 | D:2      | Reached skill level 4 in Fighting
  1221 | D:2      | Found a sparkling altar of Nemelex Xobeh.
  1285 | D:2      | Reached XP level 4. HP: 36/37 MP: 4/4
  1658 | D:3      | Found a runed door.
  1662 | D:3      | Noticed Crazy Yiuf
  1666 | D:3      | Killed Crazy Yiuf
  1719 | D:3      | Reached XP level 5. HP: 43/43 MP: 5/5
  1780 | D:3      | Noticed Terence
  1799 | D:3      | Killed Terence
  1799 | D:3      | Reached skill level 5 in Fighting
  2748 | D:4      | Noticed blackwizard's ghost (amateur TrSu)
  2819 | D:4      | Killed blackwizard's ghost
  2819 | D:4      | Reached skill level 6 in Fighting
  2819 | D:4      | Reached skill level 5 in Axes
  2819 | D:4      | Reached XP level 6. HP: 27/52 MP: 6/6
  2819 | D:4      | Reached XP level 7. HP: 30/58 MP: 7/7
  3204 | D:4      | Found a staircase to the Ecumenical Temple.
  3300 | Temple   | Entered the Ecumenical Temple
  3508 | Temple   | Became a worshipper of Warmaster Okawaru
  3717 | D:4      | Found a sparkling altar of Nemelex Xobeh.
  3717 | D:4      | Noticed Jessica
  3721 | D:4      | Killed Jessica
  3740 | D:4      | Found Osud's Weapon Boutique.
  4075 | D:5      | Entered Level 5 of the Dungeon
  4313 | D:5      | Reached skill level 7 in Fighting
  4384 | D:5      | Reached * piety under Okawaru
  4398 | D:5      | Reached XP level 8. HP: 18/67 MP: 8/8
  4795 | D:5      | Noticed Eustachio
  4823 | D:5      | Killed Eustachio
  4823 | D:5      | Reached skill level 8 in Fighting
  4887 | D:5      | Noticed Edmund
  4909 | D:5      | Killed Edmund
  4909 | D:5      | Reached ** piety under Okawaru
  4909 | D:5      | Reached skill level 5 in Shields
  5326 | D:5      | Noticed anet's ghost (novice GrWn)
  5340 | D:5      | Killed anet's ghost
  5340 | D:5      | Reached skill level 9 in Fighting
  5340 | D:5      | Reached XP level 9. HP: 49/76 MP: 9/9
  5414 | D:5      | Noticed Blork the orc
  5651 | D:5      | Killed Blork the orc
  5651 | D:5      | Reached *** piety under Okawaru
  6249 | D:6      | Noticed Grinder
  6351 | D:6      | Noticed anet's ghost (novice DEWz)
  6363 | D:6      | Killed anet's ghost
  6363 | D:6      | Reached skill level 10 in Fighting
  6387 | D:6      | Killed Grinder
  6428 | D:6      | Reached **** piety under Okawaru
  6826 | D:6      | Got a transparent platinum ring
  6834 | D:6      | Identified the ring "Werot" {+Fly rElec MR+} (You found it on level 6 of the Dungeon)
  6899 | D:6      | Noticed Duvessa
  6901 | D:6      | Noticed Dowan
  6917 | D:6      | Killed Duvessa
  6917 | D:6      | Reached skill level 1 in Dodging
  6917 | D:6      | Reached XP level 10. HP: 81/86 MP: 10/10
  6924 | D:6      | Killed Dowan
  7061 | D:6      | Found Miewost's Distillery.
  7069 | D:6      | Bought a potion of lignification for 36 gold pieces
  7069 | D:6      | Bought a potion of invisibility for 96 gold pieces
  7069 | D:6      | Bought a potion of curing for 36 gold pieces
  7069 | D:6      | Bought a potion of might for 48 gold pieces
  7069 | D:6      | Bought a potion of might for 48 gold pieces
  7542 | D:7      | Found an opulent altar of Gozag.
  7617 | D:7      | Gained mutation: You are robust. (+10% HP) [potion of mutation]
  7617 | D:7      | Gained mutation: You passively map a small area around you. [potion of mutation]
  7948 | D:7      | Found a glowing golden altar of the Shining One.
  8083 | D:7      | Reached skill level 11 in Fighting
  8253 | D:7      | Found a deep blue altar of Sif Muna.
  8434 | D:7      | Found an ancient bone altar of Kikubaaqudgha.
  8434 | D:7      | Found a shattered altar of Ashenzari.
  8557 | D:8      | Lost mutation: You are robust. (+10% HP) [potion of mutation]
  8557 | D:8      | Lost mutation: You passively map a small area around you. [potion of mutation]
  8557 | D:8      | Gained mutation: Your muscles are strong. (Str +2) [potion of mutation]
  8557 | D:8      | Gained mutation: Your flesh is cold resistant. (rC+) [potion of mutation]
  8804 | D:7      | HP: 3/87 [large slime creature (2)]
  9110 | D:6      | Reached skill level 5 in Dodging
  9164 | D:7      | Reached ***** piety under Okawaru
  9928 | D:8      | Reached skill level 1 in Evocations
 10015 | D:8      | Received a gift from Okawaru
 10022 | D:8      | Reached skill level 5 in Armour
 10090 | D:8      | Found a hazy altar of Hepliaklqana.
 10209 | D:8      | Found a sacrificial altar of Ru.
 10235 | D:8      | Reached XP level 11. HP: 92/93 MP: 12/12
 10244 | D:8      | Noticed a two-headed ogre
 10250 | D:8      | Killed a two-headed ogre
 10535 | D:8      | Found a staircase to the Lair.
 10780 | D:9      | Found a staircase to the Orcish Mines.
 10824 | D:9      | Found a burning altar of Makhleb.
 10867 | D:9      | Reached skill level 5 in Evocations
 10881 | D:9      | Noticed a two-headed ogre
 10891 | D:9      | Slain by a two-headed ogre

Vault maps used:
D:1:      saegor_arrival_simple_d, minmay_cupped
D:2:      nemelex_altar_shiori, minmay_goblin_outpost
D:3:      serial_forest, infiniplex_forest_corner_1, infiniplex_forest_fountain,
          infiniplex_forest_clump_large, infiniplex_forest_join,
          infiniplex_forest_clump_large, infiniplex_forest_straight_2,
          infiniplex_forest_clump_small, uniq_terence, uniq_crazy_yiuf_cottage
D:4:      minmay_temple_entry_trees, first_bread, serial_shops,
          nicolae_shop_statue_plus, nemelex_lonely_heart_becter
D:5:      uniq_eustachio, uniq_edmund, uniq_blork_the_orc
D:6:      serial_shops, nicolae_shop_behind_doors, uniq_duvessa, uniq_grinder
D:7:      marbit_many_paths, gammafunk_temple_overflow_wave,
          lemuel_blue_sif_altar, nicolae_overflow_crystal_walls
D:8:      lemuel_crystal_altar, nicolae_ru_path_of_blood, minmay_lair_entry_lava
D:9:      overflow_temple_1_default, orc_0_dummy
Temple:   nicolae_temple_figure_eight

Skill      XL: |  1  2  3  4  5  6  7  8  9 10 11 |
---------------+----------------------------------+-----
Axes           | 3 5 6 |  6.1
Fighting       | 4 6 7 9 10 11 | 11.1
Shields        | 6 9 |  9.0
Dodging        | 1 6 |  6.1
Armour         | 5 |  5.9
Evocations     | 2 5 |  5.1

Action                   |  1- 3 |  4- 6 |  7- 9 | 10-12 || total
-------------------------+-------+-------+-------+-------++-------
Melee: War axe           |   107 |   140 |   228 |       ||   475
       Battleaxe         |       |       |   126 |   385 ||   511
Invok: Heroism           |       |       |       |     1 ||     1
 Abil: Dig               |       |     1 |    15 |     8 ||    24
Evoke: Wand              |       |       |       |     3 ||     3
  Use: Potion            |       |     1 |     1 |     6 ||     8
       Scroll            |       |       |    15 |     6 ||    21
  Eat: Chunk             |     1 |    10 |    23 |    10 ||    44
       Bread ration      |       |       |       |     1 ||     1
Armor: Scale mail        |    48 |    10 |    97 |    53 ||   208
       Plate armour      |       |    79 |     8 |       ||    87
       Chain mail        |       |       |       |    32 ||    32
Dodge: Dodged            |    29 |    22 |    78 |   149 ||   278
Block: Shield            |    51 |    72 |   177 |   239 ||   539
